 Dungeon Crawl Stone Soup version 0.17.1-3-g152610e (webtiles) character file.

8763 Blunderbuss the Severer (level 11, 0/97 HPs)
             Began as a Hill Orc Fighter on Mar 5, 2016.
             Was an Initiate of Gozag.
             Slain by a skeletal warrior
             ... wielding a cursed +0 hand axe
              (12 damage)
             ... on level 11 of the Dungeon.
             The game lasted 00:42:42 (8893 turns).

Blunderbuss the Severer (Hill Orc Fighter)          Turns: 8893, Time: 00:42:42

Health: 0/97       AC: 16    Str: 23    XL:     11   Next: 35%
Magic:  11/11      EV:  9    Int:  8    God:    Gozag
Gold:   265        SH:  0    Dex: 10    Spells: 0 memorised, 10 levels left

rFire  + . .     SeeInvis .     G - +7 battleaxe (elec)
rCold  . . .     Clarity  .     t - +0 chain mail
rNeg   . . .     SustAt   .     (shield currently unavailable)
rPois  .         Gourm    .     C - +2 hat
rElec  .         Spirit   .     l - +0 cloak
rCorr  .         Warding  .     i - +1 pair of gloves
rMut   .         Stasis   .     (no boots)
MR     .....                    (no amulet)
Stlth  ..........               (no ring)
                                p - ring of protection from fire

@: exhausted, slowed, very slow, not resistant to hostile enchantments,
extremely unstealthy
A: no striking features
a: Potion Petition, Call Merchant, Bribe Branch, Renounce Religion


You were on level 11 of the Dungeon.
You worshipped Gozag.
Gozag was noncommittal.
You were hungry.

You visited 2 branches of the dungeon, and saw 12 of its levels.

You collected 1121 gold pieces.
You spent 462 gold pieces at shops.
You paid 394 gold pieces to Gozag.

Inventory:

Hand Weapons
 w - a +2 broad axe of chopping
 G - a +7 battleaxe of electrocution (weapon)
Armour
 i - a +1 pair of gloves (worn)
 l - a +0 cloak (worn)
 t - a +0 chain mail (worn)
 C - a +2 hat (worn)
Jewellery
 p - a ring of protection from fire (left hand)
Wands
 c - a wand of fire (1)
 k - a wand of digging (12)
 m - a wand of polymorph (7)
 n - a wand of fire (0)
 q - a wand of confusion (9)
 s - a wand of random effects (11)
 u - a wand of magic darts (14)
 y - a wand of frost (25)
 A - a wand of hasting (3)
 D - a wand of slowing (24)
Scrolls
 e - 2 scrolls of amnesia
 f - 4 scrolls of remove curse
 g - 2 scrolls of recharging
 h - 7 scrolls of teleportation
 o - 2 scrolls of magic mapping
Potions
 b - 2 potions of cancellation
 d - 2 potions of might
 j - a potion of curing
 z - a potion of invisibility
Comestibles
 a - a meat ration
 r - a royal jelly


   Skills:
 + Level 9.5 Fighting
 * Level 15.0 Axes
 + Level 7.9 Armour
 + Level 3.7 Dodging
 + Level 1.0 Stealth
   Level 7.3 Shields
 + Level 1.2 Evocations


You had 10 spell levels left.
You didn't know any spells.

Dungeon Overview and Level Annotations

Branches:
Dungeon (11/15)            Temple (1/1) D:4            Lair (0/8) D:11
    Orc (0/4) D:9

Altars:
Ashenzari
Cheibriados
Dithmenos
Elyvilon
Fedhas
Gozag
Kikubaaqudgha
Makhleb
Nemelex Xobeh
Okawaru
Qazlal
Ru
Sif Muna
Trog
Vehumet
Xom
Yredelemnul
Zin
The Shining One

Shops:
D:5 (   D:6 *   D:10 [


Message History

You destroy the skeletal warrior!
Your Axes skill increases to level 15!
You are no longer berserk.
You are exhausted.
You feel yourself slow down.
You are feeling hungry.
The skeletal warrior hits you but does no damage.
There is an open door here.
Items here: $ ))) 22 gold pieces; a short sword; an enchanted long sword; a war axe The skeletal warrior hits you but does no damage.
The skeletal warrior hits you with a hand axe!
* * * LOW HITPOINT WARNING * * *
Read which item? (? for menu, Esc to quit)
Okay, then.
Drink which item? (? for menu, Esc to quit)
You feel better.
The skeletal warrior hits you with a hand axe!
You die...
Your body crumbles into a pile of gold.

+. #. #. ## ##+######
#.......####
+.......'@z####+######
#.......##..##....>..#
#.......###..$.(.....#
#.......# ####.......#
#.......# #.......#
#.......# #.......+
#.......# #.......#
#.).....# #.......#
##'###### #.......#


You could see a skeletal warrior.

Vanquished Creatures
  A hydra (D:10)
  3 skeletal warriors (D:11)
  A gargoyle (D:11)
  A two-headed ogre (D:11)
  Grum (D:9)
  A hungry ghost (D:10)
  4 wolves (D:9)
  2 hippogriffs
  A basilisk (D:11)
  3 sky beasts
  2 ice beasts
  4 phantoms
  4 orc warriors
  A necrophage (D:8)
  An eye of draining (D:11)
  4 ogres
  5 centaurs
  The ghost of sevenseve the Shield-Bearer, an amateur GrFi of the Shining One (D:3)
  2 gnoll sergeants (D:7)
  11 giant frogs
  3 scorpions
  7 killer bees
  3 wights (D:9)
  4 crimson imps
  5 orc priests
  2 giant frog skeletons
  Ijyb (D:3)
  A centaur skeleton (D:8)
  2 jellies
  A gnoll shaman (D:4)
  2 orc wizards
  Natasha (thrice) (D:3)
  6 hounds
  4 worker ants
  A killer bee zombie (D:8)
  A hound zombie (D:7)
  17 gnolls
  12 adders
  2 shadow imps (D:5)
  2 oozes
  2 adder zombies
  3 adder skeletons
  6 giant geckos
  23 orcs
  A ball python (D:1)
  11 bats
  7 giant cockroaches
  7 goblins
  11 hobgoblins
  11 jackals
  10 kobolds
  7 quokkas
  A ball python skeleton (D:4)
  A giant gecko skeleton (D:5)
  3 giant newts
  9 rats
245 creatures vanquished.

Notes
Turn   | Place    | Note
--------------------------------------------------------------
     0 | D:1      | Blunderbuss the Hill Orc Fighter began the quest for the Orb.
     0 | D:1      | Reached XP level 1. HP: 19/19 MP: 1/1
   262 | D:1      | Reached XP level 2. HP: 25/27 MP: 2/2
   469 | D:1      | Reached skill level 4 in Fighting
   481 | D:1      | Reached XP level 3. HP: 13/33 MP: 3/3
  1040 | D:2      | Found a burning altar of Makhleb.
  1187 | D:2      | Reached XP level 4. HP: 31/40 MP: 4/4
  1473 | D:2      | Found a bloodstained altar of Trog.
  1495 | D:2      | Found an iron altar of Okawaru.
  1575 | D:3      | Reached skill level 1 in Dodging
  1686 | D:3      | Found a glowing golden altar of the Shining One.
  1703 | D:3      | Noticed Ijyb
  1730 | D:3      | Killed Ijyb
  1877 | D:3      | Noticed sevenseve's ghost (amateur GrFi)
  1899 | D:3      | Killed sevenseve's ghost
  1899 | D:3      | Reached XP level 5. HP: 20/47 MP: 5/5
  1917 | D:3      | Reached skill level 5 in Shields
  2114 | D:3      | Noticed Natasha
  2121 | D:3      | Killed Natasha
  2121 | D:3      | Reached XP level 6. HP: 45/53 MP: 6/6
  2163 | D:3      | Noticed Natasha
  2168 | D:3      | Killed Natasha
  2227 | D:3      | Noticed Natasha
  2231 | D:3      | Killed Natasha
  2538 | D:4      | Reached skill level 5 in Fighting
  2641 | D:4      | Reached skill level 6 in Shields
  2657 | D:4      | Found a stormy altar of Qazlal.
  2709 | D:4      | Reached skill level 5 in Axes
  2796 | D:4      | Found an ancient bone altar of Kikubaaqudgha.
  2827 | D:4      | Found a staircase to the Ecumenical Temple.
  2851 | Temple   | Entered the Ecumenical Temple
  3008 | D:5      | Entered Level 5 of the Dungeon
  3011 | D:5      | Reached XP level 7. HP: 61/61 MP: 7/7
  3409 | D:5      | Found Raggaibb's Weapon Emporium.
  3633 | D:5      | Reached skill level 7 in Shields
  3633 | D:5      | Reached XP level 8. HP: 65/68 MP: 8/8
  4076 | D:6      | Reached skill level 8 in Axes
  4397 | D:5      | Bought a +2 broad axe of chopping for 180 gold pieces
  4514 | D:6      | Found Zuesuesoy's Assorted Antiques.
  4727 | D:7      | Reached skill level 9 in Axes
  4750 | D:7      | Reached XP level 9. HP: 76/78 MP: 9/9
  4857 | D:7      | Reached skill level 10 in Axes
  4940 | D:7      | Reached skill level 5 in Armour
  5110 | D:7      | Found a basalt altar of Yredelemnul.
  5590 | D:8      | Found an opulent altar of Gozag.
  5596 | D:8      | Became a worshipper of Gozag Ym Sagoz the Greedy
  5749 | D:8      | Found a white marble altar of Elyvilon.
  5863 | D:8      | Reached skill level 11 in Axes
  6059 | D:8      | Found a sacrificial altar of Ru.
  6426 | D:9      | Found a staircase to the Orcish Mines.
  6456 | D:9      | Reached skill level 12 in Axes
  6456 | D:9      | Reached XP level 10. HP: 72/86 MP: 10/10
  6490 | D:9      | Noticed Grum
  6529 | D:9      | Killed Grum
  6536 | D:9      | Reached skill level 1 in Stealth
  6751 | D:5      | Bought a +2 battleaxe of electrocution for 282 gold pieces
  7189 | D:9      | Found a deep blue altar of Sif Muna.
  7367 | D:10     | Entered Level 10 of the Dungeon
  7522 | D:10     | Reached skill level 13 in Axes
  7639 | D:10     | Found Dyikhoso's Antique Armour Shoppe.
  7741 | D:10     | Noticed a six-headed hydra
  7909 | D:10     | Killed a 12-headed hydra
  8641 | D:11     | Found a staircase to the Lair.
  8662 | D:11     | Reached skill level 14 in Axes
  8783 | D:11     | Reached XP level 11. HP: 49/95 MP: 11/11
  8821 | D:11     | Reached skill level 1 in Evocations
  8859 | D:11     | Noticed a skeletal warrior
  8859 | D:11     | Noticed a skeletal warrior
  8860 | D:11     | Noticed a skeletal warrior
  8860 | D:11     | Noticed a skeletal warrior
  8876 | D:11     | Killed a skeletal warrior
  8880 | D:11     | Killed a skeletal warrior
  8887 | D:11     | Killed a skeletal warrior
  8887 | D:11     | Reached skill level 15 in Axes
  8892 | D:11     | HP: 1/97 [skeletal warrior/hand axe (10)]
  8893 | D:11     | Slain by a skeletal warrior

Action                   |  1- 3 |  4- 6 |  7- 9 | 10-12 || total
-------------------------+-------+-------+-------+-------++-------
Melee: War axe           |   121 |   266 |   194 |       ||   581
       Broad axe         |       |       |   210 |    34 ||   244
       Battleaxe         |       |       |       |   115 ||   115
Invok: Potion Petition   |       |       |     1 |     1 ||     2
Evoke: Wand              |       |       |     1 |     4 ||     5
  Use: Scroll            |     4 |     1 |     3 |    13 ||    21
       Potion            |       |     2 |     8 |     3 ||    13
 Stab: Distracted        |       |       |     1 |       ||     1
  Eat: Bread ration      |     1 |     1 |     2 |       ||     4
       Beef jerky        |       |     1 |       |       ||     1
       Fruit             |       |       |     5 |     4 ||     9
       Pizza             |       |       |       |     1 ||     1
